 Dungeon Crawl Stone Soup version 0.22-a0-282-gdd34a7d (webtiles) character file.

1032 nikopol the Magician (level 8, -4/41 HPs)
             Began as a Deep Elf Fire Elementalist on Mar 17, 2018.
             Was an Initiate of Vehumet.
             Killed by divine providence
             ... invoked by an orc priest
              (11 damage)
             ... on level 6 of the Dungeon.
             The game lasted 00:15:01 (4880 turns).

nikopol the Magician (Deep Elf Fire Elementalist)   Turns: 4880, Time: 00:15:02

Health: -4/41      AC:  2    Str:  5    XL:     8   Next: 3%
Magic:  19/21      EV: 13    Int: 23    God:    Vehumet [......]
Gold:   267        SH:  0    Dex: 15    Spells: 12/22 levels left

rFire    . . .     SeeInvis .   (no weapon)
rCold    . . .     Gourm    .   (no shield)
rNeg     . . .     Faith    .   a - +0 robe
rPois    .         Spirit   .   (no helmet)
rElec    .         Reflect  .   (no cloak)
rCorr    .         Harm     .   (no gloves)
MR       .....                  (no boots)
Stlth    +++.......             (no amulet)
HPRegen  0.13/turn              (no ring)
MPRegen  0.17/turn              (no ring)

@: no status effects
A: no striking features
a: Renounce Religion


You were on level 6 of the Dungeon.
You worshipped Vehumet.
Vehumet was noncommittal.
You were not hungry.

You visited 1 branch of the dungeon, and saw 6 of its levels.
You also visited: Sewer.

You collected 267 gold pieces.

Inventory:

Armour
 a - a +0 robe (worn)
Jewellery
 b - an uncursed amulet of the gourmand {unknown}
 g - a cursed -3 ring of evasion {unknown}
 l - an uncursed ring of poison resistance {unknown}
 m - an uncursed ring of magical power {unknown}
 n - a +2 ring of protection {unknown}
 p - an uncursed amulet of faith {unknown}
 s - an uncursed amulet of rage {unknown}
Scrolls
 j - 2 scrolls of amnesia
 r - 3 scrolls of teleportation {unknown}
 u - a scroll of magic mapping
 v - a scroll of fear {unknown}
 y - a scroll of immolation {unknown}
 A - a scroll of blinking
 B - a scroll of enchant weapon
Potions
 d - 2 potions of brilliance
 e - a potion of ambrosia {unknown}
 f - 2 potions of might
 h - a potion of agility {unknown}
 i - a potion of degeneration {unknown}
 k - 3 potions of heal wounds
 o - a potion of lignification {unknown}
 q - 4 potions of curing {unknown}
 t - a potion of haste {unknown}
 w - 2 potions of cancellation {unknown}
 z - a potion of berserk rage {unknown}
Comestibles
 c - 7 rations


   Skills:
 + Level 0.2 Fighting
 + Level 3.2 Dodging
 + Level 3.8 Stealth
 + Level 7.8 Spellcasting
 + Level 5.3 Conjurations
 + Level 6.2 Fire Magic


You had 12 spell levels left.
You knew the following spells:

 Your Spells              Type           Power        Failure   Level  Hunger
a - Flame Tongue          Conj/Fire      #####        1%          1    None
b - Throw Flame           Conj/Fire      #####.       1%          2    None
c - Conjure Flame         Conj/Fire      #####...     1%          3    None
d - Sticky Flame          Conj/Fire      #####...     6%          4    ###....


Dungeon Overview and Level Annotations

Branches:
Dungeon (6/15)
 Temple: D:4-7

Altars:
Vehumet
Xom
Yredelemnul


Message History

Press: ? - help, Shift-Dir - straight line, f - orc wizard
Aim: an orc wizard, wielding a dagger and wearing a robe (fast)
The flame tongue hits the orc wizard.
The orc wizard is moderately wounded.
The orc wizard gestures at you while chanting.
The magic dart hits you!
The orc wizard gestures at you while chanting.
The magic dart hits you!
* * * LOW HITPOINT WARNING * * *
Casting: Flame Tongue (safe; 1% risk of failure)
Confirm with . or Enter, or press ? or * to list all spells.
Aiming: Flame Tongue (safe; 1% risk of failure)
Press: ? - help, Shift-Dir - straight line, f/p - orc wizard
Aim: an orc wizard, wielding a dagger and wearing a robe (moderately wounded, fast)
The flame tongue misses the orc wizard.
The flame tongue hits the orc.
You kill the orc!
Vehumet accepts your kill.
The orc priest mumbles some strange prayers to Beogh against you.
Beogh smites you!
You die...

.#.#.###.#....# ###
.......#.#.#########.#
.#.#.#.#.............#########.
.#.#.#.###..########...........
...#.#.# #..########.#.########
...#.#.###....................
.#.#.#.........#####.#.###.###
. #...........#####.#.###.####
>...............@.o.)oo.......#
.######.#####..###.#.#<##..##.#
.... .....# #.#.#.###.##.###
<.....................o..o)o
....#..##.############..#.###
###..#.. ... #....#.# ## ##.
#.#$...# .# #. #.#.(... .# .
###..#


You could see 2 orc priests and an orc wizard.

Vanquished Creatures
  Edmund (D:5)
  Purgy (D:3)
  2 ogres (D:6)
  A phantom (D:6)
  A crocodile (Sewer)
  An orc priest (D:6)
  4 hounds (D:4)
  3 iguanas (D:4)
  An orc wizard (D:5)
  2 worker ants (D:4)
  A killer bee zombie (D:6)
  10 adders
  An ooze (D:2)
  An adder skeleton (D:4)
  4 worms
  A dart slug (D:1)
  3 leopard geckos
  14 orcs
  5 giant cockroaches
  3 goblins
  4 hobgoblins
  2 jackals (D:3)
  6 kobolds
  2 quokkas
  3 ball pythons
  4 bats
  8 frilled lizards
  A leopard gecko skeleton (D:4)
  6 rats
96 creatures vanquished.

Notes
Turn   | Place    | Note
-------+----------+-------------------------------------------
     0 | D:1      | nikopol the Deep Elf Fire Elementalist began the quest for the Orb.
     0 | D:1      | Reached XP level 1. HP: 10/10 MP: 6/6
   296 | D:1      | Reached XP level 2. HP: 15/15 MP: 6/8
   742 | D:2      | Reached XP level 3. HP: 19/19 MP: 6/9
  1149 | D:2      | Found a basalt altar of Yredelemnul.
  1519 | D:3      | Reached XP level 4. HP: 24/24 MP: 2/11
  1543 | D:3      | Found a glowing drain.
  1553 | Sewer    | Entered a sewer
  1829 | Sewer    | Reached skill level 4 in Spellcasting
  1858 | Sewer    | Noticed a crocodile
  1865 | Sewer    | Learned a level 2 spell: Throw Flame
  1869 | Sewer    | Learned a level 3 spell: Conjure Flame
  1874 | Sewer    | Learned a level 4 spell: Sticky Flame
  1880 | Sewer    | Killed a crocodile
  1880 | Sewer    | Reached XP level 5. HP: 28/28 MP: 4/14
  2128 | D:3      | Reached skill level 5 in Spellcasting
  2141 | D:3      | Noticed Purgy
  2151 | D:3      | Killed Purgy
  2151 | D:3      | Reached skill level 5 in Fire Magic
  2177 | D:3      | Reached XP level 6. HP: 32/32 MP: 4/16
  2315 | D:3      | Found a faded altar of an unknown god.
  2515 | D:3      | Found a shimmering altar of Xom.
  3010 | D:4      | Reached skill level 6 in Spellcasting
  3936 | D:4      | Reached XP level 7. HP: 36/36 MP: 14/19
  4048 | D:4      | You fall through a shaft for 2 floors!
  4158 | D:6      | Reached skill level 7 in Spellcasting
  4389 | D:5      | Entered Level 5 of the Dungeon
  4389 | D:5      | Noticed Edmund
  4396 | D:5      | Killed Edmund
  4400 | D:5      | Found a radiant altar of Vehumet.
  4568 | D:5      | Became a worshipper of Vehumet
  4583 | D:6      | Reached skill level 5 in Conjurations
  4625 | D:6      | Reached XP level 8. HP: 41/41 MP: 17/21
  4880 | D:6      | Killed from afar by an orc priest

Vault maps used:
D:1:      kilobyte_arrival_exit_the_forest
D:2:      marbit_many_paths
D:3:      led_xom_imps, cheibrodos_sewer_entry_sluice,
          chequers_ecumenical_altar_simple, uniq_purgy
D:4:      first_ration, kennysheep_generic_room_7
D:5:      fedhas_bush_and_centaur_altar, bloody_makhleb,
          nicolae_overflow_hidden_temple, minmay_crystal_water, uniq_grinder,
          uniq_eustachio, uniq_edmund
D:6:      black_bear_nest_1, minmay_temple_entry_grid
Sewer:    sewer_co_purgy_island

Skill      XL: |  1  2  3  4  5  6  7 |
---------------+----------------------+-----
Fire Magic     | 4 5 6 |  6.2
Spellcasting   | 4 5 6 7 |  7.8
Stealth        | 3 |  3.8
Conjurations   | 2 3 5 |  5.3
Dodging        | 3 |  3.2
Fighting       | |  0.2

Action                   |  1- 3 |  4- 6 |  7- 9 || total
-------------------------+-------+-------+-------++-------
Melee: Unarmed           |     2 |     7 |     1 ||    10
 Cast: Flame Tongue      |    55 |    79 |    49 ||   183
       Conjure Flame     |       |     2 |     2 ||     4
       Sticky Flame      |       |     6 |     4 ||    10
       Throw Flame       |       |     4 |     5 ||     9
  Use: Scroll            |     3 |     3 |       ||     6
       Potion            |       |       |     1 ||     1
 Stab: Sleeping          |     1 |       |       ||     1
  Eat: Chunk             |     2 |     5 |     3 ||    10
       Ration            |       |     1 |       ||     1
Armor: Robe              |       |     6 |     5 ||    11
Dodge: Dodged            |    10 |    23 |    10 ||    43

Table legend:
 A = Spawn XP
 B = Non-spawn XP
 C = Spawn XP percentage of total XP
 D = Spawn monster count
 E = Non-spawn monster count
 F = Spawn count percentage of total count
 G = Total turns spent on level
                    A         B        C        D         E        F      G
               +---------+---------+-------+---------+---------+-------+---------
         Total |       0 |    1475 |   0.0 |       0 |      96 |   0.0 |  4880
               +---------+---------+-------+---------+---------+-------+---------
           D:1 |       0 |      20 |   0.0 |       0 |      11 |   0.0 |   640
           D:2 |       0 |      66 |   0.0 |       0 |      18 |   0.0 |  1107
           D:3 |       0 |     193 |   0.0 |       0 |      21 |   0.0 |   735
           D:4 |       0 |     418 |   0.0 |       0 |      22 |   0.0 |  1042
           D:5 |       0 |     197 |   0.0 |       0 |       3 |   0.0 |   403
           D:6 |       0 |     457 |   0.0 |       0 |      12 |   0.0 |   429
         Sewer |       0 |     124 |   0.0 |       0 |       9 |   0.0 |   524
               +---------+---------+-------+---------+---------+-------+---------
